 Dungeon Sprint DCSS version 0.29.1-12-g30fa7ad0bf (webtiles) character file.

Game seed: 5325029054560686111

1792 0gre the Frost Mage (level 9, -10/72 HPs)
             Began as a Gnoll Ice Elementalist on Dec 30, 2022.
             Was a Believer of Vehumet.
             Mangled by a demonic crawler (13 damage)
             ... in the Dungeon (Sprint I: "Red Sonja").
             The game lasted 00:07:03 (1037 turns).

0gre the Frost Mage (Gnoll Ice Elementalist)        Turns: 1037, Time: 00:07:04

Health: -10/72     AC:  2    Str:  8    XL:     9   Next: 9%
Magic:  12/22      EV: 15    Int: 18    God:    Vehumet [**....]
Gold:   354        SH:  0    Dex: 13    Spells: 18/26 levels left

rFire   . . .      SeeInvis .   a - +0 scythe
rCold   . . .      Faith    .   (shield currently unavailable)
rNeg    . . .      Spirit   .   j - +0 robe
rPois   .          Reflect  .   (no helmet)
rElec   .          Harm     .   (no cloak)
rCorr   .          Rampage  .   (no gloves)
Will    .....      NoTele   +   (no boots)
Stlth   ++++......              (no amulet)
HPRegen 0.22/turn               (no ring)
MPRegen 0.18/turn               (no ring)

@: freezing walls
A: fangs 1, strong nose, distributed training
a: Renounce Religion


You were in the Dungeon.
You worshipped Vehumet.
Vehumet was pleased with you.
You visited 1 branch You collected 714 gold pieces.
You spent 360 gold pieces at shops.

Inventory:

Hand Weapons
 a - a +0 scythe (weapon)
Missiles
 l - 4 curare-tipped darts
Armour
 j - a +0 robe (worn)
Wands
 h - a wand of charming (6)
Scrolls
 g - a scroll of blinking
 m - 2 scrolls of identify {unknown}
Potions
 b - 3 potions of magic
 c - 7 potions of curing
 d - a potion of heal wounds
 e - 2 potions of haste
 f - a potion of berserk rage
 i - a potion of flight {unknown}
 k - a potion of cancellation
 n - a potion of lignification {unknown}


   Skills:
 + Level 7.4 Fighting
 + Level 7.4 Short Blades
 + Level 7.4 Long Blades
 + Level 7.4 Axes
 + Level 7.4 Maces & Flails
 + Level 7.4 Polearms
 + Level 7.4 Staves
 + Level 7.4 Ranged Weapons
 + Level 7.4 Throwing
 + Level 7.4 Armour
 + Level 8.8 Dodging
 + Level 8.6 Stealth
 + Level 7.4 Shields
 + Level 7.4 Unarmed Combat
 + Level 9.1 Spellcasting
 + Level 6.2 Conjurations
 + Level 6.2 Hexes
 + Level 6.2 Summonings
 + Level 6.2 Necromancy
 + Level 6.2 Translocations
 + Level 6.2 Transmutations
 + Level 6.2 Fire Magic
 + Level 9.5 Ice Magic
 + Level 6.2 Air Magic
 + Level 6.2 Earth Magic
 + Level 6.2 Poison Magic
 + Level 8.2 Invocations
 + Level 7.4 Evocations


You had 18 spell levels left.
You knew the following spells:

 Your Spells              Type           Power      Damage    Failure   Level
a - Freeze                Ice            100%       1d11      1%          1
b - Frozen Ramparts       Ice            84%        1d13      1%          3
c - Hailstorm             Conj/Ice       36%        3d9       3%          4

Your spell library contained the following spells:

 Spells                   Type           Power      Damage    Failure   Level
 Scorch                   Fire           60%        2d8       1%          2
 Ozocubu's Armour         Ice            42%        N/A       1%          3


Dungeon Overview and Level Annotations

Branches:
Dungeon (1/1)

Altars:
Cheibriados
Dithmenos
Elyvilon
Fedhas
Gozag
Hepliaklqana
Kikubaaqudgha
Makhleb
Nemelex Xobeh
Okawaru
Qazlal
Ru
Sif Muna
Trog
Uskayaw
Vehumet
Wu Jian
Xom
Yredelemnul
Zin
The Shining One
Jiyva
Lugonu

Shops:
D !


Innate Abilities, Weirdness & Mutations

You have very sharp teeth.
Your uncanny sense of smell can sniff out nearby items.
Your experience applies equally to all skills.


Message History

The demonic crawler resists.
The wall freezes the demonic crawler.
The demonic crawler resists.
The wall freezes the demonic crawler.
The demonic crawler resists.
The wall freezes the demonic crawler.
The demonic crawler shrieks in warning!
The demonic crawler resists.
The wall freezes the demonic crawler.
The demonic crawler hits you. The demonic crawler hits you!
The demonic crawler closely misses you.
You hit the demonic crawler but do no damage.
You bite the demonic crawler, but do no damage.
The demonic crawler is lightly wounded.
The demonic crawler completely resists.
The wall freezes the demonic crawler but does no damage.
The demonic crawler shrieks in warning!
The demonic crawler resists.
The wall freezes the demonic crawler.
The demonic crawler resists.
The wall freezes the demonic crawler.
The demonic crawler misses you. The demonic crawler hits you!
The demonic crawler misses you.
The demonic crawler resists.
The wall freezes the demonic crawler.
The demonic crawler misses you. The demonic crawler hits you!
The demonic crawler closely misses you.
The wall freezes the demonic crawler but does no damage.
The demonic crawler shrieks in warning!
The wall freezes the demonic crawler but does no damage.
Casting: Frozen Ramparts (safe; 1% risk of failure)
Confirm with . or Enter, or press ? or * to list all spells.
Casting: Hailstorm (dangerous; 3% risk of failure)
Press: ? - help, Dir - look around, f - activate A cannonade of hail descends around you!
The hail pelts the demonic crawler but does no damage.
The demonic crawler is lightly wounded.
The hail pelts the demonic crawler.
The demonic crawler partially resists.
The demonic crawler is lightly wounded.
The demonic crawler resists.
The wall freezes the demonic crawler.
The demonic crawler hits you!
* * * LOW HITPOINT WARNING * * *
The demonic crawler misses you. The demonic crawler closely misses you.
The demonic crawler resists.
The wall freezes the demonic crawler.
The demonic crawler hits you!
* * * LOW HITPOINT WARNING * * *
The demonic crawler hits you!
You die...

##################
.#..'..#__#..')..#∆∆
∆∆
.').#..'..'..#).s##+#∆
'#####'#__####..@ss.#∆
∆
.#...#.####∆∆#####s.+∆
##..##.# ∆∆ ##
_##'#_.+ ..÷..._# ∆∆
_##_.#'# _###'#.#∆∆∆∆
∆ ####.####+###∆ ∆
+...+$$T$$+∆


You could see 4 demonic crawlers.

Vanquished Creatures
  Sonja (D)
  2 kobold demonologists (D)
  A slime creature (D)
  A yak (D)
  Sigmund (D)
  A floating eye (D)
  An ogre (D)
  A jelly (D)
  Ijyb (D)
10 creatures vanquished.

Vanquished Creatures (others)
  2 ballistomycete spores (D)
2 creatures vanquished.

Grand Total: 12 creatures vanquished

Notes
Turn   | Place    | Note
-------+----------+-------------------------------------------
     0 | D        | 0gre the Gnoll Ice Elementalist began the quest for the
                  | Orb.
     0 | D        | Reached XP level 1. HP: 13/13 MP: 6/6
     2 | D        | Noticed Ijyb
    25 | D        | Killed Ijyb
    26 | D        | Reached skill level 1 in Fighting
    26 | D        | Reached skill level 1 in Short Blades
    26 | D        | Reached skill level 1 in Long Blades
    26 | D        | Reached skill level 1 in Axes
    26 | D        | Reached skill level 1 in Maces & Flails
    26 | D        | Reached skill level 1 in Polearms
    26 | D        | Reached skill level 1 in Staves
    26 | D        | Reached skill level 1 in Ranged Weapons
    26 | D        | Reached skill level 1 in Throwing
    26 | D        | Reached skill level 1 in Armour
    26 | D        | Reached skill level 1 in Shields
    26 | D        | Reached skill level 1 in Unarmed Combat
    26 | D        | Reached skill level 5 in Spellcasting
    26 | D        | Reached skill level 1 in Conjurations
    26 | D        | Reached skill level 1 in Hexes
    26 | D        | Reached skill level 1 in Summonings
    26 | D        | Reached skill level 1 in Necromancy
    26 | D        | Reached skill level 1 in Translocations
    26 | D        | Reached skill level 1 in Transmutations
    26 | D        | Reached skill level 1 in Fire Magic
    26 | D        | Reached skill level 1 in Air Magic
    26 | D        | Reached skill level 1 in Earth Magic
    26 | D        | Reached skill level 1 in Poison Magic
    26 | D        | Reached skill level 1 in Evocations
    26 | D        | Reached XP level 2. HP: 3/22 MP: 4/8
    26 | D        | Reached XP level 3. HP: 4/27 MP: 4/9
    30 | D        | Learned a level 3 spell: Frozen Ramparts
   280 | D        | Noticed an ogre
   315 | D        | Killed an ogre
   316 | D        | Reached skill level 5 in Dodging
   316 | D        | Reached skill level 5 in Stealth
   316 | D        | Reached XP level 4. HP: 30/35 MP: 7/12
   321 | D        | Learned a level 4 spell: Hailstorm
   357 | D        | Noticed Sigmund
   360 | D        | Killed Sigmund
   361 | D        | Reached XP level 5. HP: 43/43 MP: 1/14
   361 | D        | Reached XP level 6. HP: 49/49 MP: 1/15
   471 | D        | Found an ornate altar of the Wu Jian Council.
   471 | D        | Found a shimmering blue altar of Sif Muna.
   473 | D        | Found a radiant altar of Vehumet.
   480 | D        | Reached skill level 5 in Invocations
   482 | D        | Became a worshipper of Vehumet
   577 | D        | Found Utuan's Distillery.
   577 | D        | Found an ancient bone altar of Kikubaaqudgha.
   577 | D        | Found a hazy altar of Hepliaklqana.
   577 | D        | Found a stormy altar of Qazlal.
   577 | D        | Found a hide-covered altar of Uskayaw.
   577 | D        | Found a blossoming altar of Fedhas.
   577 | D        | Found a bloodstained altar of Trog.
   577 | D        | Found an iron altar of Okawaru.
   577 | D        | Found a basalt altar of Yredelemnul.
   577 | D        | Found a glowing golden altar of the Shining One.
   577 | D        | Found a snail-covered altar of Cheibriados.
   577 | D        | Found a sacrificial altar of Ru.
   577 | D        | Found a glowing silver altar of Zin.
   577 | D        | Found a shadowy altar of Dithmenos.
   577 | D        | Found a white marble altar of Elyvilon.
   577 | D        | Noticed a yak
   586 | D        | Killed a yak
   587 | D        | Reached skill level 5 in Fighting
   587 | D        | Reached skill level 5 in Short Blades
   587 | D        | Reached skill level 5 in Long Blades
   587 | D        | Reached skill level 5 in Axes
   587 | D        | Reached skill level 5 in Maces & Flails
   587 | D        | Reached skill level 5 in Polearms
   587 | D        | Reached skill level 5 in Staves
   587 | D        | Reached skill level 5 in Ranged Weapons
   587 | D        | Reached skill level 5 in Throwing
   587 | D        | Reached skill level 5 in Armour
   587 | D        | Reached skill level 5 in Shields
   587 | D        | Reached skill level 5 in Unarmed Combat
   587 | D        | Reached skill level 5 in Evocations
   587 | D        | Reached XP level 7. HP: 42/56 MP: 9/17
   587 | D        | Found an opulent altar of Gozag.
   588 | D        | Found a sparkling altar of Nemelex Xobeh.
   592 | D        | Bought 2 potions of curing for 72 gold pieces
   592 | D        | Bought a potion of curing for 36 gold pieces
   592 | D        | Bought a potion of haste for 120 gold pieces
   592 | D        | Bought a potion of curing for 36 gold pieces
   607 | D        | Noticed Sonja
   610 | D        | Killed Sonja
   611 | D        | Reached skill level 5 in Conjurations
   611 | D        | Reached skill level 5 in Hexes
   611 | D        | Reached skill level 5 in Summonings
   611 | D        | Reached skill level 5 in Necromancy
   611 | D        | Reached skill level 5 in Translocations
   611 | D        | Reached skill level 5 in Transmutations
   611 | D        | Reached skill level 5 in Fire Magic
   611 | D        | Reached skill level 5 in Air Magic
   611 | D        | Reached skill level 5 in Earth Magic
   611 | D        | Reached skill level 5 in Poison Magic
   611 | D        | Reached XP level 8. HP: 37/65 MP: 6/20
   709 | D        | Bought a potion of cancellation for 96 gold pieces
   812 | D        | Noticed a deep troll
   823 | D        | Found a burning altar of Makhleb.
   823 | D        | Found a viscous altar of Jiyva.
   823 | D        | Found a shimmering altar of Xom.
   823 | D        | Found a corrupted altar of Lugonu.
   823 | D        | Noticed a slime creature
   828 | D        | Killed a slime creature
   828 | D        | Reached * piety under Vehumet
   828 | D        | Offered knowledge of Magic Dart by Vehumet.
  1021 | D        | Noticed a kobold demonologist
  1022 | D        | Noticed a kobold demonologist
  1029 | D        | Killed a kobold demonologist
  1029 | D        | Offered knowledge of Scorch by Vehumet.
  1029 | D        | Killed a kobold demonologist
  1029 | D        | Reached ** piety under Vehumet
  1030 | D        | Reached XP level 9. HP: 65/72 MP: 18/22
  1034 | D        | Noticed a demonic crawler
  1034 | D        | Noticed a demonic crawler
  1034 | D        | Noticed a demonic crawler
  1034 | D        | Noticed a demonic crawler
  1037 | D        | HP: 3/72 [demonic crawler (10)]
  1037 | D        | Mangled by a demonic crawler

Illustrated notes

Levels and vault maps discovered:
D:        dungeon_sprint_1 [red_sonja_temple_1, red_sonja_temple_small_1]

Skill      XL: |  1  2  3  4  5  6  7  8 |
---------------+-------------------------+-----
Fighting       | 1 3 4 5 6 7 |  7.4
Short Blades   | 1 3 4 5 6 7 |  7.4
Long Blades    | 1 3 4 5 6 7 |  7.4
Axes           | 1 3 4 5 6 7 |  7.4
Maces & Flails | 1 3 4 5 6 7 |  7.4
Polearms       | 1 3 4 5 6 7 |  7.4
Staves         | 1 3 4 5 6 7 |  7.4
Ranged Weapons | 1 3 4 5 6 7 |  7.4
Throwing       | 1 3 4 5 6 7 |  7.4
Armour         | 1 3 4 5 6 7 |  7.4
Shields        | 1 3 4 5 6 7 |  7.4
Unarmed Combat | 1 3 4 5 6 7 |  7.4
Spellcasting   | 5 6 7 8 9 |  9.1
Conjurations   | 1 2 3 4 5 6 |  6.2
Hexes          | 1 2 3 4 5 6 |  6.2
Summonings     | 1 2 3 4 5 6 |  6.2
Necromancy     | 1 2 3 4 5 6 |  6.2
Translocations | 1 2 3 4 5 6 |  6.2
Transmutations | 1 2 3 4 5 6 |  6.2
Fire Magic     | 1 2 3 4 5 6 |  6.2
Air Magic      | 1 2 3 4 5 6 |  6.2
Earth Magic    | 1 2 3 4 5 6 |  6.2
Poison Magic   | 1 2 3 4 5 6 |  6.2
Invocations    | 2 3 4 5 7 8 |  8.2
Evocations     | 1 3 4 5 6 7 |  7.4
Dodging        | 5 6 7 8 |  8.8
Stealth        | 5 6 7 8 |  8.6
Ice Magic      | 8 9 |  9.5

Action                   |  1- 3 |  4- 6 |  7- 9 || total
-------------------------+-------+-------+-------++-------
Melee: Unarmed           |     8 |       |       ||     8
       Dagger            |     4 |       |       ||     4
       Halberd           |       |     8 |    11 ||    19
       Bite              |       |     1 |     3 ||     4
 Cast: Freeze            |     5 |       |       ||     5
       Frozen Ramparts   |     1 |     2 |     4 ||     7
       Hailstorm         |       |     3 |     4 ||     7
Armor: Robe              |     1 |       |     2 ||     3
Dodge: Dodged            |    12 |     7 |    10 ||    29
